 Dungeon Crawl Stone Soup version 0.22.0-78-g6c94d2c (webtiles) character file.

83 MalarOregon the Insei (level 4, 0/33 HPs)
             Began as a Vine Stalker Transmuter on Sept 16, 2018.
             Succumbed to a worker ant's poison
             ... on level 4 of the Dungeon.
             The game lasted 00:04:32 (2294 turns).

MalarOregon the Insei (Vine Stalker Transmuter)     Turns: 2294, Time: 00:04:32

Health: 0/33       AC: 22    Str: 13    XL:     4   Next: 44%
Magic:  9/9        EV:  2    Int: 14    God:
Gold:   82         SH:  0    Dex: 14    Spells: 6/9 levels left

rFire    . . .     SeeInvis .     - Unarmed
rCold    . . .     Gourm    .   (no shield)
rNeg     + + +     Faith    .   (armour currently unavailable)
rPois    +         Spirit   +   (helmet currently unavailable)
rElec    .         Reflect  .   (cloak currently unavailable)
rCorr    .         Harm     .   (gloves currently unavailable)
MR       .....     NoTele   +   (boots currently unavailable)
Stlth    +.........             (no amulet)
HPRegen  0.51/turn              (no ring)
MPRegen  0.11/turn              (no ring)

@: lethally poisoned (0 -> -1), tree-form, very slightly contaminated, invisible
A: regeneration 1, magic shield, no potion heal 3, rot immunity
a: no special abilities


You were on level 4 of the Dungeon.
You were not hungry.
You were a tree.
You visited 1 branch of the dungeon, and saw 3 of its levels.

You collected 82 gold pieces.

Inventory:

Missiles
 a - 12 arrows
Armour
 b - a +0 robe (melded)
 g - a +1 pair of gloves (melded)
Scrolls
 h - a scroll of fog {unknown}
 i - a scroll of identify
 k - 2 scrolls of noise {unknown}
 l - a scroll of teleportation {unknown}
 m - 2 scrolls of remove curse {unknown}
 n - a scroll of blinking {unknown}
Potions
 j - 3 potions of resistance
Comestibles
 c - 2 chunks of flesh
 d - a ration


   Skills:
 + Level 1.2 Fighting
 + Level 1.9 Dodging
 * Level 3.5 Unarmed Combat
 * Level 3.1 Spellcasting
 * Level 3.0 Transmutations


You had 6 spell levels left.
You knew the following spells:

 Your Spells              Type           Power        Failure   Level  Hunger
a - Beastly Appendage     Tmut           ##....       6%          1    #......
b - Sticks to Snakes      Tmut           ##......     10%         2    ##.....

Your spell library contained the following spells:

 Spells                   Type           Power        Failure   Level  Hunger
 Spider Form              Tmut/Pois      #.........   34%         3    ###....
 Ice Form                 Ice/Tmut       #.......     75%         4    #####..
 Blade Hands              Tmut           ##........   86%         5    ######.


Dungeon Overview and Level Annotations

Branches:
Dungeon (2/15)

Altars:
Yredelemnul
The Shining One


Innate Abilities, Weirdness & Mutations

((You have extremely sharp teeth.))
Your natural rate of healing is unusually fast.
When hurt, damage is shared between your health and your magic reserves.
((Your bite disrupts and absorbs the magic of your enemies.))
Potions cannot restore your health.
You are immune to rotting.


Message History

Your Spellcasting skill increases to level 3!
Your Transmutations skill increases to level 3!
* * * LOW HITPOINT WARNING * * *
You feel sick.
There is a lethal amount of poison in your body!
Okay, then.
There is a lethal amount of poison in your body!
* * * LOW HITPOINT WARNING * * *
You feel sick.
* * * LOW HITPOINT WARNING * * *
You feel sick.
* * * LOW HITPOINT WARNING * * *
You feel sick.
* * * LOW HITPOINT WARNING * * *
You feel sick.
* * * LOW HITPOINT WARNING * * *
You feel sick.
* * * LOW HITPOINT WARNING * * *
You feel sick.
You die...

## ### #.# #.#
#.# #.# #.#
#######
#.######.......
#..♣...........
#########......
...(. ####


There were no monsters in sight!

Vanquished Creatures
  A worker ant (D:4)
  An adder (D:2)
  An ooze (D:2)
  2 worms (D:2)
  A dart slug (D:1)
  3 leopard geckos
  4 giant cockroaches (D:1)
  4 hobgoblins (D:1)
  A quokka (D:1)
  2 bats (D:2)
  4 frilled lizards
  3 goblins
  A jackal zombie (D:2)
  3 kobolds
  6 rats
37 creatures vanquished.

Vanquished Creatures (others)
  A kobold (D:2)
1 creature vanquished.

Grand Total: 38 creatures vanquished

Notes
Turn   | Place    | Note
-------+----------+-------------------------------------------
     0 | D:1      | MalarOregon the Vine Stalker Transmuter began the quest for
                  | the Orb.
     0 | D:1      | Reached XP level 1. HP: 9/9 MP: 4/4
   278 | D:1      | Reached skill level 1 in Fighting
   568 | D:1      | Reached XP level 2. HP: 14/14 MP: 4/6
   880 | D:1      | Learned a level 2 spell: Sticks to Snakes
  1307 | D:1      | Reached XP level 3. HP: 18/18 MP: 5/7
  1824 | D:2      | Found a basalt altar of Yredelemnul.
  1826 | D:2      | Noticed a profane servitor
  2210 | D:2      | Found a glowing golden altar of the Shining One.
  2228 | D:2      | Gained mutation: Your natural rate of healing is unusually
                  | fast. [Vine Stalker growth]
  2228 | D:2      | Reached XP level 4. HP: 22/22 MP: 9/9
  2251 | D:2      | You fall through a shaft for 2 floors!
  2292 | D:4      | HP: 1/33 [poisoned by a worker ant]
  2294 | D:4      | Succumbed to a worker ant's poison

Skill      XL: |  1  2  3  4 |
---------------+-------------+-----
Fighting       | 1 |  1.2
Spellcasting   | 3 |  3.1
Transmutations | 3 |  3.0
Dodging        | |  1.9
Unarmed Combat | |  3.5

Action                   |  1- 3 |  4- 6 || total
-------------------------+-------+-------++-------
Melee: Unarmed           |    99 |    19 ||   118
       Bite              |    18 |     3 ||    21
       Kick              |    11 |       ||    11
       Headbutt          |     7 |     3 ||    10
       Punch             |     3 |       ||     3
 Cast: Beastly Appendage |    27 |     2 ||    29
  Use: Potion            |       |     3 ||     3
       Scroll            |       |     2 ||     2
  Eat: Chunk             |     4 |     1 ||     5
Armor: Robe              |    22 |     5 ||    27
       Skin              |       |     3 ||     3
Dodge: Dodged            |    51 |    10 ||    61
